 Dungeon Crawl Stone Soup version 0.29-a0-344-ge2f44be95a (webtiles) character file.

Game seed: 9111906292791348223

154175 jytt13 the Black Crusader (level 17, -4/159 HPs)
             Began as a Minotaur Gladiator on Apr 21, 2022.
             Was a Believer of Yredelemnul.
             Killed from afar by a quicksilver dragon (42 damage)
             ... with a bolt of dispelling energy
             ... on level 4 of the Snake Pit on Apr 22, 2022.
             The game lasted 02:35:45 (44049 turns).

jytt13 the Black Crusader (Minotaur Gladiator)     Turns: 44049, Time: 02:35:45

Health: -4/159     AC: 17    Str: 20    XL:     17   Next: 6%
Magic:  38/38      EV:  9    Int:  5    God:    Yredelemnul [**....]
Gold:   676        SH: 36    Dex: 23    Spells: 16/16 levels left

rFire   + . .      SeeInvis .   G - +5 demon blade (venom)
rCold   + + .      Faith    .   B - +10 tower shield of Ignorance {rN+ Int-4}
rNeg    + . .      Spirit   .   M - +0 plate armour {rPois}
rPois   +          Reflect  +   K - +2 hat
rElec   +          Harm     .   U - +0 cloak of Refuge {Dex+4 Stlth+}
rCorr   .          Rampage  .   n - +0 pair of gloves {Stlth+}
Will    +++..                   v - +0 pair of boots
Stlth   ..........              W - amulet "Fevetei" {Reflect rElec Will++ Int+4 SH+5}
HPRegen 0.36/turn               s - ring of Ikliappa {rF+ rC++ MP+9}
MPRegen 0.26/turn               V - ring of flight

@: flying
A: horns 2, retaliatory headbutt
a: Renounce Religion, Recall Undead Harvest, Dark Bargain


You were on level 4 of the Snake Pit.
You worshipped Yredelemnul.
Yredelemnul was most pleased with you.
You visited 6 branches of the dungeon, and saw 28 of its levels.

You collected 3780 gold pieces.
You spent 3104 gold pieces at shops.

Inventory:

Hand Weapons
 G - a +5 demon blade of venom (weapon)
Missiles
 d - 7 throwing nets
 e - 10 javelins (quivered)
 l - 43 poisoned darts
 m - 6 atropa-tipped darts
Armour
 n - a +0 pair of gloves of stealth (worn)
 v - a +0 pair of boots (worn)
 B - the +10 tower shield of Ignorance (worn) {rN+ Int-4}
   (You bought it in a shop on level 2 of the Orcish Mines)

   Int:       It affects your intelligence (-4).
   rN:        It protects you from negative energy.
 K - a +2 hat (worn)
 M - a +0 plate armour of poison resistance (worn)
 U - the +0 cloak of Refuge (worn) {Dex+4 Stlth+}
   (You acquired it on level 12 of the Dungeon)

   Dex:       It affects your dexterity (+4).
   Stlth:     It makes you more stealthy.
Jewellery
 s - the ring of Ikliappa (left hand) {rF+ rC++ MP+9}
   (You bought it in a shop on level 1 of the Snake Pit)

   [ring of magical power]

   rF:        It protects you from fire.
   rC:        It greatly protects you from cold.
   MP:        It affects your magic capacity (+9).
 V - a ring of flight (right hand)
 W - the amulet "Fevetei" (around neck) {Reflect rElec Will++ Int+4 SH+5}
   (You found it on level 11 of the Dungeon)

   [amulet of reflection]

   It reflects blocked missile attacks.
   Int:       It affects your intelligence (+4).
   rElec:     It insulates you from electricity.
   SH:        It affects your SH (+5).
   Will:      It greatly increases your willpower.
Wands
 a - a wand of iceblast (23)
 r - a wand of paralysis (8)
 y - a wand of acid (22)
 N - a wand of digging (14)
 P - a wand of polymorph (4)
 Q - a wand of charming (2)
 T - a wand of flame (39)
 X - a wand of mindburst (9)
Scrolls
 b - 7 scrolls of enchant armour
 g - 8 scrolls of teleportation
 k - 7 scrolls of fog
 u - a scroll of acquirement
 w - 2 scrolls of fear
 x - a scroll of summoning
 D - 7 scrolls of blinking
 E - a scroll of identify
 F - a scroll of silence
 H - 5 scrolls of amnesia
 J - 2 scrolls of brand weapon
 R - 4 scrolls of magic mapping
 Z - 3 scrolls of vulnerability
Potions
 c - 12 potions of curing
 f - 2 potions of resistance
 j - 4 potions of haste
 o - 5 potions of brilliance
 p - 6 potions of ambrosia
 q - 5 potions of might
 z - 4 potions of heal wounds
 A - 3 potions of lignification
 C - 2 potions of berserk rage
 I - 2 potions of cancellation {unknown}
 L - a potion of invisibility
 S - a potion of magic {unknown}
Miscellaneous
 h - a condenser vane
 i - a phial of floods
 t - a box of beasts
 O - a phantom mirror


   Skills:
 - Level 16.5 Fighting
 - Level 14.0 Long Blades
 - Level 2.0 Throwing
 - Level 5.0 Armour
 - Level 10.0 Dodging
 - Level 15.0 Shields
 + Level 19.7 Invocations
 + Level 6.0 Evocations


You had 16 spell levels left.
You didn't know any spells.
Your spell library contained the following spells:

 Spells                   Type           Power      Damage    Failure   Level
 Animate Skeleton         Necr           0%         N/A       100%        1
 Apportation              Tloc           0%         N/A       100%        1
 Beastly Appendage        Tmut           0%         N/A       100%        1
 Foxfire                  Conj/Fire      0%         2x1d4     100%        1
 Freeze                   Ice            0%         1d3       100%        1
 Magic Dart               Conj           0%         1d3       100%        1
 Shock                    Conj/Air       0%         1d3       100%        1
 Summon Small Mammal      Summ           0%         N/A       100%        1
 Blink                    Tloc           0%         N/A       100%        2
 Call Imp                 Summ           0%         N/A       100%        2
 Corpse Rot               Necr/Air       0%         N/A       100%        2
 Poisonous Vapours        Pois/Air       0%         N/A       100%        2
 Wereblood                Tmut           0%         N/A       100%        2
 Confusing Touch          Hex            0%         N/A       100%        3
 Conjure Flame            Conj/Fire      0%         6-21      100%        3
 Dazzling Flash           Conj/Hex       0%         N/A       100%        3
 Frozen Ramparts          Ice            0%         1d2       100%        3
 Inner Flame              Hex/Fire       0%         N/A       100%        3
 Lesser Beckoning         Tloc           0%         N/A       100%        3
 Mephitic Cloud           Conj/Pois/Air  0%         N/A       100%        3
 Ozocubu's Armour         Ice            0%         N/A       100%        3
 Spider Form              Tmut/Pois      0%         N/A       100%        3
 Swiftness                Air            0%         N/A       100%        3
 Tukima's Dance           Hex            0%         N/A       100%        3
 Airstrike                Air            0%         N/A       100%        4
 Anguish                  Hex/Necr       0%         N/A       100%        4
 Animate Dead             Necr           0%         N/A       100%        4
 Cause Fear               Hex            0%         N/A       100%        4
 Flame Wave               Conj/Fire      0%         2d4       100%        4
 Hailstorm                Conj/Ice       0%         3d3       100%        4
 Iskenderun's Mystic Bla  Conj/Tloc      0%         2d3       100%        4
 Summon Lightning Spire   Summ/Air       0%         N/A       100%        4
 Agony                    Necr           0%         N/A       100%        5
 Lightning Bolt           Conj/Air       0%         1d11      100%        5
 Manifold Assault         Tloc           0%         N/A       100%        5
 Metabolic Englaciation   Hex/Ice        0%         N/A       100%        5
 Silence                  Hex/Air        0%         N/A       100%        5
 Yara's Violent Unravell  Hex/Tmut       0%         3d3       100%        5
 Simulacrum               Ice/Necr       0%         N/A       100%        6
 Starburst                Conj/Fire      0%         6d3       100%        6
 Dragon Form              Tmut           0%         N/A       100%        7
 Enfeeble                 Hex            0%         N/A       100%        7
 Haunt                    Necr/Summ      0%         N/A       100%        7
 Storm Form               Tmut/Air       0%         N/A       100%        7
 Discord                  Hex            0%         N/A       100%        8
 Infestation              Necr           0%         N/A       100%        8
 Maxwell's Capacitive Co  Air            0%         ∞         100%        8
 Dragon's Call            Summ           0%         N/A       100%        9


Dungeon Overview and Level Annotations

Branches:
Dungeon (13/15)            Temple (1/1) D:4            Lair (5/6) D:10
 Shoals (3/4) Lair:4        Snake (4/4) Lair:2          Orc (2/2) D:9
    Elf (0/3) Orc:2        Vaults (0/5) D:13
  Slime: Lair:5-6

Altars:
Ashenzari
Cheibriados
Dithmenos
Elyvilon
Fedhas
Gozag
Hepliaklqana
Kikubaaqudgha
Makhleb
Nemelex Xobeh
Okawaru
Qazlal
Ru
Sif Muna
Trog
Uskayaw
Vehumet
Wu Jian
Xom
Yredelemnul
Zin
The Shining One
Beogh

Shops:
Orc:1 (*   Orc:2 ?[[(   Snake:1 =:=   Snake:3 (!=(

Annotations:
D:6 exclusion: oklob plant
Lair:5 exclusion: oklob plant
Snake:4 3 exclusions


Innate Abilities, Weirdness & Mutations

You have a pair of horns on your head.
You reflexively headbutt those who attack you in melee.


Message History

The quicksilver dragon claws your bound naga warrior.
The quicksilver dragon bites your bound naga warrior!
The quicksilver dragon closely misses your bound naga warrior.
Your bound naga warrior barely misses the quicksilver dragon.
The quicksilver dragon misses your bound naga warrior.
The quicksilver dragon closely misses your bound naga warrior.
The quicksilver dragon bites your bound naga warrior!!
The quicksilver dragon claws your bound naga warrior.
The quicksilver dragon bites your bound naga warrior!!
Your bound naga warrior is destroyed!
Your guardian serpent zombie hits the quicksilver dragon.
The quicksilver dragon bites your guardian serpent zombie!!
The quicksilver dragon claws your guardian serpent zombie!
Your guardian serpent zombie hits the quicksilver dragon!
The quicksilver dragon bites your guardian serpent zombie!!
The quicksilver dragon claws your guardian serpent zombie but does no damage.
Your guardian serpent zombie barely misses the quicksilver dragon.
The quicksilver dragon bites your guardian serpent zombie!
The quicksilver dragon claws your guardian serpent zombie!!
Your guardian serpent zombie is destroyed!
The quicksilver dragon roars deafeningly!
You hear a shout!
You hear an angry hiss.
The quicksilver dragon bites your naga sharpshooter zombie!
The quicksilver dragon claws your naga sharpshooter zombie!
The quicksilver dragon bites your naga sharpshooter zombie.
The quicksilver dragon barely misses your naga sharpshooter zombie.
Aiming: Charm
Press: ? - help, Shift-Dir - straight line, f - quicksilver dragon
Aim: a quicksilver dragon (heavily wounded, chance to affect: 0%)
Okay, then.
Your naga sharpshooter zombie closely misses the quicksilver dragon.
The quicksilver dragon bites your naga sharpshooter zombie!
The quicksilver dragon claws your naga sharpshooter zombie!
The quicksilver dragon breathes dispelling energy at you.
The bolt of dispelling energy hits your naga sharpshooter zombie!!
Your naga sharpshooter zombie is destroyed!
The bolt of dispelling energy hits your naga sharpshooter zombie!!!
The bolt of dispelling energy hits you!!!
You die...
Your body rises from the dead as a mindless zombie.

. # #### ..#.
##..#### .....
##..@..!##
#8...8##.Z.##...##
......ND#.#####).##
.##+##SD### ##).##
##.. #..)# #..+
#...# #..# #..##
#..# ##...#
#...##+##....#


You could see a quicksilver dragon (catching breath, ally target), a naga
sharpshooter, a guardian serpent and a friendly naga sharpshooter zombie.

Vanquished Creatures
  Nikola (Snake:1)
  Rupert (Orc:2)
  A kraken (Shoals:1)
  Frances (Snake:2)
  A nagaraja (Snake:4)
  An orc warlord (Orc:2)
  Aizul (Snake:1)
  A ghoul (D:12)
  2 merfolk impalers
  A merfolk javelineer (Shoals:3)
  A salamander tyrant (Snake:4)
  4 vault guards
  An ice dragon (Lair:2)
  A death knight (D:13)
  A hydra (Lair:3)
  9 anacondas
  3 centaur warriors (D:13)
  2 two-headed ogres (D:12)
  3 naga warriors
  A death yak (Lair:5)
  An orc high priest (Orc:1)
  A tengu warrior (D:12)
  4 shock serpents
  13 naga sharpshooters
  4 skeletal warriors
  2 sea snakes (Snake:3)
  3 naga ritualists (Snake:2)
  6 harpies
  2 ugly things
  2 deep elf pyromancers
  5 mana vipers
  A deep elf zephyrmancer (Orc:2)
  2 cyclopes
  6 manticores
  6 salamanders
  3 fauns
  19 black mambas
  7 centaur zombies (D:13)
  4 merfolk sirens
  2 guardian serpents (Snake:4)
  2 water nymphs (Shoals:2)
  4 cane toads
  4 naga magi
  A gargoyle (D:13)
  A torpor snail (Lair:3)
  An unseen horror (D:13)
  7 komodo dragons
  A guardian mummy (D:13)
  6 trolls
  A polar bear (Lair:1)
  A meliai (Lair:5)
  4 merfolk
  6 blink frogs
  2 hornets
  3 snapping turtles
  A shadow (D:11)
  5 wyverns
  A spriggan (D:7)
  2 basilisks (Lair:5)
  4 wraiths
  26 yaks
  5 vampire mosquitoes
  A steam dragon (D:6)
  A two-headed ogre zombie (D:9)
  3 acid dragons
  16 nagas
  13 water moccasins
  23 orc warriors
  A black bear (D:6)
  12 wolves
  3 ice beasts
  3 ogres
  3 centaurs
  2 phantoms (D:9)
  7 kobold brigands
  12 bullfrogs
  A gnoll sergeant (D:10)
  2 necrophages
  8 wights
  3 troll zombies (D:9)
  25 killer bees
  7 electric eels
  6 howler monkeys
  A crimson imp (D:5)
  2 iron imps
  4 jellies (D:6)
  A hound (D:7)
  20 orc priests
  2 iguanas
  27 orc wizards
  3 ogre zombies (D:9)
  2 mummies (D:13)
  10 gnolls
  7 adders
  A shadow imp (Orc:2)
  2 white imps
  An ufetubus (D:6)
  3 worms
  5 dart slugs
  64 orcs
  6 ball pythons
  14 endoplasms
  5 giant cockroaches
  10 goblins
  11 hobgoblins
  4 jackals (D:5)
  8 quokkas
  7 bats
  5 frilled lizards
  2 goblin skeletons (D:9)
  2 goblin zombies (D:9)
  A hobgoblin skeleton (D:9)
  2 hobgoblin zombies (D:9)
  70 kobolds
  An orc skeleton (D:9)
  10 orc zombies (D:9)
  2 rats (D:2)
  A spectral goblin (D:8)
  A butterfly (Lair:1)
  4 tentacles (Shoals:1)
691 creatures vanquished.

Vanquished Creatures (collateral kills)
  Ilsuiw (Shoals:3)
  2 nagarajas (Snake:4)
  A ghoul (D:13)
  2 merfolk javelineers (Shoals:3)
  A merfolk impaler (Shoals:2)
  A merfolk avatar (Shoals:2)
  2 catoblepae
  4 hydras
  5 anacondas
  6 naga warriors
  3 shock serpents
  6 naga sharpshooters
  A salamander mystic (Snake:2)
  4 sea snakes
  A skeletal warrior (D:13)
  An orc knight (Orc:1)
  A naga ritualist (Snake:1)
  5 harpies
  4 mana vipers (Snake:1)
  An orc sorcerer (Orc:2)
  A deep elf pyromancer (Orc:2)
  7 manticores
  A faun (Shoals:3)
  An oklob plant (Lair:5)
  3 merfolk sirens
  10 black mambas
  5 salamanders
  2 centaur zombies (D:13)
  9 naga magi
  A guardian serpent (Snake:3)
  A water nymph (Shoals:1)
  6 cane toads
  3 rime drakes (Lair:5)
  A tengu conjurer (D:13)
  2 komodo dragons
  A queen bee (Lair:5)
  5 merfolk
  3 trolls
  2 meliai (Lair:5)
  A polar bear (Lair:3)
  7 blink frogs
  2 wind drakes (Shoals:2)
  2 snapping turtles
  A water elemental (Shoals:2)
  Sigmund (D:6)
  A shadow (D:9)
  A wyvern (Lair:5)
  14 yaks
  3 basilisks
  A wraith (D:12)
  A vampire mosquito (D:12)
  15 nagas
  8 water moccasins
  A swamp drake (Orc:2)
  A black bear (Lair:3)
  6 orc warriors
  9 wolves
  2 ogres
  A bullfrog (Lair:1)
  19 killer bees
  2 electric eels
  A crimson imp (Orc:2)
  4 orc priests
  An iguana (D:6)
  8 orc wizards
  A killer bee zombie (Lair:5)
  An ogre zombie (D:9)
  A dart slug (D:4)
  20 orcs
  8 endoplasms (D:6)
  A giant cockroach (D:4)
  2 hobgoblin skeletons (D:9)
  A kobold (D:4)
  2 orc skeletons (D:9)
  4 orc zombies
  2 butterflies (Lair:1)
272 creatures vanquished.

Vanquished Creatures (others)
  A spectral catoblepas (Orc:2)
  An anaconda zombie (Snake:2)
  A deep elf pyromancer (D:13)
  An ugly thing zombie (D:12)
  2 human zombies
  2 shock serpent zombies
  2 spectral mana vipers
  2 spectral nagas
  A hydra zombie (D:13)
  A harpy zombie (Shoals:2)
  A meliai zombie (Lair:5)
  2 guardian serpent zombies (Snake:4)
  4 black mamba zombies
  A merfolk zombie (Shoals:3)
  A naga (Snake:1)
  2 cane toad zombies
  A snapping turtle zombie (Shoals:3)
  3 manticore zombies
  3 blink frog zombies (Lair:1)
  A rime drake zombie (Lair:5)
  A vampire mosquito zombie (D:12)
  2 salamander zombies
  A cyclops zombie (D:13)
  A wyvern zombie (Lair:5)
  2 water moccasin zombies
  4 yak zombies
  A tengu zombie (D:13)
  2 troll zombies (Orc:2)
  3 wolf zombies
  A basilisk zombie (Lair:5)
  A black bear zombie (D:6)
  An orc wizard (Orc:2)
  11 killer bee zombies
  12 naga zombies
  An ogre zombie (D:6)
  A necrophage zombie (D:6)
  2 spectral jellies (D:6)
  A howler monkey zombie (D:6)
  A spectral crimson imp (Orc:2)
  A steam dragon zombie (D:6)
  An electric eel zombie (D:12)
  A spectral iron imp (D:6)
  A spectral shadow imp (Orc:2)
  An orc (Orc:2)
  A gnoll zombie (D:10)
  A ball python zombie (D:4)
  A giant cockroach zombie (D:4)
  3 kobold zombies
  46 orc zombies
  A quokka zombie (D:4)
  4 spectral endoplasms (D:6)
  A spectral ufetubus (D:6)
  39 fungi
  129 plants
  15 tentacles (Shoals:1)
  8 withered plants (D:13)
336 creatures vanquished.

Grand Total: 1299 creatures vanquished

Notes
Turn   | Place    | Note
-------+----------+-------------------------------------------
     0 | D:1      | jytt13 the Minotaur Gladiator began the quest for the Orb.
     0 | D:1      | Reached XP level 1. HP: 18/18 MP: 0/0
   121 | D:1      | Reached XP level 2. HP: 26/26 MP: 1/1
   975 | D:1      | Reached XP level 3. HP: 34/34 MP: 2/2
  1292 | D:2      | Reached skill level 5 in Fighting
  1416 | D:2      | Found a faded altar of an unknown god.
  1502 | D:2      | Reached XP level 4. HP: 39/42 MP: 3/3
  2502 | D:3      | Reached skill level 5 in Dodging
  2502 | D:3      | Reached XP level 5. HP: 26/48 MP: 4/4
  3142 | D:2      | Reached XP level 6. HP: 27/56 MP: 5/5
  4253 | D:4      | Noticed an orc warrior
  4273 | D:3      | Reached skill level 5 in Long Blades
  4730 | D:4      | Reached XP level 7. HP: 61/61 MP: 6/6
  5023 | D:4      | Found a staircase to the Ecumenical Temple.
  5341 | Temple   | Entered the Ecumenical Temple
  5551 | Temple   | Became a worshipper of Yredelemnul the Dark
  5831 | D:4      | Reached * piety under Yredelemnul
  5848 | D:4      | Reached skill level 1 in Invocations
  6136 | D:5      | Entered Level 5 of the Dungeon
  6410 | D:5      | Reached skill level 2 in Invocations
  6517 | D:5      | Reached ** piety under Yredelemnul
  6518 | D:5      | Reached skill level 3 in Invocations
  6518 | D:5      | Reached XP level 8. HP: 44/68 MP: 9/9
  7621 | D:6      | Reached skill level 4 in Invocations
  7996 | D:6      | Reached skill level 5 in Invocations
  8309 | D:6      | Noticed an oklob plant
  8495 | D:6      | Found a snail-covered altar of Cheibriados.
  8556 | D:6      | Noticed Sigmund
  8608 | D:6      | Killed Sigmund
  8680 | D:6      | Reached XP level 9. HP: 64/74 MP: 12/12
  8823 | D:6      | Reached skill level 6 in Invocations
  8862 | D:6      | Reached skill level 10 in Long Blades
  8878 | D:6      | HP: 3/74 [something (1)]
  9576 | D:7      | Found a burning altar of Makhleb.
 10348 | D:8      | Found a blossoming altar of Fedhas.
 10510 | D:8      | Reached skill level 7 in Invocations
 10761 | D:8      | Found an ornate altar of the Wu Jian Council.
 11016 | D:8      | Found a hazy altar of Hepliaklqana.
 11082 | D:8      | Found a sparkling altar of Nemelex Xobeh.
 11095 | D:8      | Reached *** piety under Yredelemnul
 11173 | D:8      | Found a white marble altar of Elyvilon.
 11286 | D:8      | Found an opulent altar of Gozag.
 11323 | D:9      | Identified the +10 whip "Giam" {freeze, rF+}
 11833 | D:9      | Reached skill level 8 in Invocations
 11833 | D:9      | Reached XP level 10. HP: 49/86 MP: 13/15
 12666 | D:9      | Found a glowing silver altar of Zin.
 12939 | D:9      | Found a staircase to the Orcish Mines.
 13274 | D:10     | Entered Level 10 of the Dungeon
 13467 | D:10     | Found a large runed translucent door.
 13468 | D:10     | Found a large runed translucent door.
 13522 | D:10     | Found a stormy altar of Qazlal.
 13572 | D:10     | Found a staircase to the Lair.
 13843 | D:10     | Reached skill level 9 in Invocations
 14357 | D:10     | Reached **** piety under Yredelemnul
 14633 | D:10     | Found an ancient bone altar of Kikubaaqudgha.
 14647 | D:10     | Found a shimmering altar of Xom.
 14849 | D:11     | Reached XP level 11. HP: 42/97 MP: 17/17
 15451 | D:11     | Identified the +2 falchion of Farpho Ohua {holy, rF+ Int+6
                  | Stlth+}
 15716 | D:11     | Reached skill level 10 in Fighting
 16323 | D:11     | Identified 3 scrolls of acquirement
 16809 | Lair:1   | Entered Level 1 of the Lair of Beasts
 16852 | Lair:1   | Reached skill level 10 in Invocations
 17050 | Lair:1   | HP: 4/99 [poisoned by a black mamba]
 17549 | Lair:1   | Reached skill level 11 in Invocations
 17589 | Lair:1   | Reached skill level 12 in Invocations
 18944 | D:12     | Acquired 1077 gold pieces
 18948 | D:12     | Acquired the +0 cloak of Refuge {Dex+4 Stlth+}
 19102 | D:11     | Identified the amulet "Fevetei" {Reflect rElec Will++ Int+4
                  | SH+5}
 19241 | D:11     | Identified the +1 robe "Muim" {rF+ Str+2 Stlth+}
 19391 | D:12     | Reached XP level 12. HP: 95/106 MP: 20/20
 19816 | D:12     | Reached skill level 13 in Invocations
 20739 | D:13     | Noticed a tengu warrior
 20739 | D:13     | Noticed a centaur warrior
 20866 | Lair:2   | Noticed a catoblepas
 20960 | Lair:2   | Reached skill level 1 in Armour
 21472 | Lair:2   | Found a staircase to the Snake Pit.
 21641 | Lair:2   | Reached skill level 14 in Invocations
 21777 | Lair:2   | Reached ***** piety under Yredelemnul
 21779 | Lair:2   | Reached skill level 5 in Armour
 22139 | Lair:2   | Killed a catoblepas
 22139 | Lair:2   | Enslaved a catoblepas
 22535 | Lair:2   | Noticed an ice dragon
 22547 | Lair:2   | Killed an ice dragon
 22751 | Lair:3   | Noticed a catoblepas
 22762 | Lair:3   | Killed a catoblepas
 22899 | Lair:3   | Reached skill level 15 in Invocations
 23026 | Lair:3   | Reached ****** piety under Yredelemnul
 23050 | Lair:3   | Noticed a four-headed hydra
 23058 | Lair:3   | Killed a four-headed hydra
 23059 | Lair:3   | Reached XP level 13. HP: 81/113 MP: 23/23
 23350 | Lair:3   | Reached skill level 16 in Invocations
 24480 | Lair:4   | Found a staircase to the Shoals.
 25492 | Lair:5   | Reached skill level 17 in Invocations
 26807 | Orc:1    | Entered Level 1 of the Orcish Mines
 27002 | Orc:1    | Found Ninuhu's Antique Weapon Emporium.
 27187 | Orc:1    | Found Nifufraw's Overcharged Wands.
 27862 | Orc:1    | Reached XP level 14. HP: 104/129 MP: 25/25
 28062 | Orc:2    | Entered Level 2 of the Orcish Mines
 28278 | Orc:2    | Found a staircase to the Elven Halls.
 28349 | Orc:2    | Noticed Rupert
 28371 | Orc:2    | Killed Rupert
 28848 | Orc:2    | Your ally Rupert died
 29020 | Orc:2    | Noticed an orc warlord
 29047 | Orc:2    | Killed an orc warlord
 29586 | Orc:2    | Found Rudofe's Antique Armour Boutique.
 29590 | Orc:2    | Found Ovut Sio's Antique Weapon Shop.
 29634 | Orc:2    | Bought the +10 tower shield of Ignorance {rN+ Int-4} for
                  | 2062 gold pieces
 29634 | Orc:2    | Found the +10 tower shield of Ignorance {rN+ Int-4}
 29660 | Orc:2    | Bought a pair of glowing gloves for 270 gold pieces
 29836 | Orc:2    | Found Duwku's Antique Armour Shop.
 29954 | Orc:2    | Reached skill level 1 in Shields
 29970 | Orc:2    | Found Qafohigi's Magic Scroll Shoppe.
 30757 | D:13     | Noticed a ghoul
 30779 | D:12     | Killed a ghoul
 30780 | D:12     | Reached skill level 5 in Shields
 32218 | D:13     | Reached skill level 10 in Shields
 32438 | D:13     | Noticed a ghoul
 32792 | D:13     | Found a gate to the Vaults.
 33189 | D:13     | Killed a ghoul
 33554 | Shoals:1 | Entered Level 1 of the Shoals
 33695 | Shoals:1 | Noticed a kraken
 33711 | Shoals:1 | Killed a kraken
 33712 | Shoals:1 | Reached XP level 15. HP: 104/137 MP: 21/26
 36274 | Shoals:3 | Noticed Ilsuiw
 36836 | Shoals:3 | Reached skill level 15 in Shields
 37139 | Shoals:3 | Killed Ilsuiw
 38061 | Snake:1  | Entered Level 1 of the Snake Pit
 38340 | Snake:1  | Noticed Nikola
 38391 | Snake:1  | Found Cozut's Jewellery Shoppe.
 38392 | Snake:1  | Found Jaalaom's Book Boutique.
 38393 | Snake:1  | Found Beuck's Jewellery Shoppe.
 38548 | Snake:1  | Noticed Aizul
 38560 | Snake:1  | Killed Aizul
 38561 | Snake:1  | Reached skill level 15 in Fighting
 38684 | Snake:1  | Killed Nikola
 38854 | Snake:1  | Bought the ring of Ikliappa {rF+ rC++ MP+9} for 772 gold
                  | pieces
 39064 | Snake:1  | Reached skill level 10 in Dodging
 39556 | Snake:2  | Reached skill level 18 in Invocations
 39556 | Snake:2  | Reached XP level 16. HP: 149/149 MP: 28/28
 39970 | Snake:2  | Noticed Frances
 39987 | Snake:2  | Killed Frances
 41130 | Snake:3  | Reached skill level 1 in Evocations
 41207 | Snake:3  | Found Mehi's Jewellery Shoppe.
 41209 | Snake:3  | Found Wellukke's Weapon Shoppe.
 41209 | Snake:3  | Found Viosames's Antique Weapon Emporium.
 41213 | Snake:3  | Found Tibeubbe's Distillery.
 41580 | Snake:3  | Reached skill level 19 in Invocations
 42384 | Snake:4  | Entered Level 4 of the Snake Pit
 43401 | Snake:4  | Reached skill level 5 in Evocations
 43677 | Snake:4  | Reached XP level 17. HP: 94/159 MP: 29/29
 44030 | Snake:4  | Noticed a quicksilver dragon
 44035 | Snake:4  | Noticed a quicksilver dragon
 44049 | Snake:4  | Killed from afar by a quicksilver dragon

Illustrated notes

Levels and vault maps discovered:
D:1:      heliophobic_arrival_glass_houses, layout_loops_ring
D:2:      minmay_skewed_foursquare, layout_rooms,
          hellmonk_ecumenical_altar_lost_god, supply_closet_lemuel
D:3:      minmay_goblin_kobold_castle, layout_rooms
D:4:      layout_basic, minmay_temple_entry_grid
D:5:      cheibrodos_thug_alley, layout_basic, chequers_serial_rivers_room_a,
          minmay_fire_ice_demons
D:6:      lemuel_slime, layout_gridville, slow_altar_1, minmay_misc_feat_rugged,
          hangedman_decor_peaks_small, uniq_sigmund
D:7:      layout_gridville, mainiacjoe_overflow_concentric_impassable,
          the_hattery
D:8:      layout_basic, general_overflow_altar,
          nicolae_hepliaklqana_monster_ancestors, lemuel_tele_altar,
          nzn_wu_jian_contemplation, mainiacjoe_overflow_swirl
D:9:      layout_roguey, zin_statuary, zombieorc2_lemuel
D:10:     layout_loops_ring, jmf_multi_god_temple2,
          lemuel_coloured_pillars_altar, lair_entry_dummy,
          kennysheep_generic_room_9
D:11:     minmay_weird_star, layout_basic
D:12:     layout_irregular_city, kennysheep_boxes
D:13:     layout_stronghold, lightli_vaults_fourway_checkpoint, serial_undead,
          serial_undead_a, serial_undead_c, serial_undead_e, serial_undead_a,
          serial_undead_b, serial_undead_f, serial_undead_d, serial_undead_f
Temple:   jpeg_temple_alley_garden
Lair:1:   layout_long_grid, beast_lair_carwin_6, lemuel_fruit_fields,
          lemuel_fruit_fields
Lair:2:   dragon1_lemuel, layout_hall_layers, minmay_snake_entry_six_corridors
Lair:3:   layout_hall_layers
Lair:4:   layout_gridlike, elwin_shoals_entry_rooms, serial_bayou_shore_a
Lair:5:   regret_index_bee_streams, layout_long_grid,
          minmay_slime_entry_oklob_enclosed
Shoals:1: layout_shoals, nicolae_shoals_kraken_intersection
Shoals:2: layout_shoals
Shoals:3: layout_shoals, uniq_ilsuiw
Snake:1:  layout_grid_shapes, grunt_megastairs_2, minmay_shop_grove,
          uniq_nikola, uniq_aizul
Snake:2:  layout_misc_corridors, uniq_frances
Snake:3:  layout_chambers, special_room, guppyfry_snake_island, minmay_shoptagon
Snake:4:  hellmonk_snake_rune_quicksilver_temple, layout_misc_corridors
Orc:1:    layout_diamond_mine, serial_shops, nicolae_shop_stone,
          nicolae_shop_overcharged_wands
Orc:2:    grunt_orc_community_town_hall, layout_caves,
          grunt_orc_community_big_house_2, grunt_orc_community_big_house_1,
          grunt_orc_community_house_1, grunt_orc_community_house_1,
          grunt_orc_community_house_2, grunt_orc_community_house_1,
          grunt_orc_community_house_3, grunt_orc_community_house_3,
          hangedman_minor_magic, uniq_rupert

Skill      XL: |  1  2  3  4  5  6  7  8  9 10 11 12 13 14 15 16 17 |
---------------+----------------------------------------------------+-----
Fighting       | 3 4 5 7 9 10 13 15 16 | 16.5
Dodging        | 5 6 7 10 | 10.0
Long Blades    | 5 7 9 11 12 14 | 14.0
Invocations    | 3 5 8 9 12 15 17 18 19 | 19.7
Armour         | 5 |  5.0
Shields        | 12 15 | 15.0
Evocations     | 5 6 |  6.0
Throwing       | |  2.0

Action                   |  1- 3 |  4- 6 |  7- 9 | 10-12 | 13-15 | 16-18 || total
-------------------------+-------+-------+-------+-------+-------+-------++-------
Melee: Dagger            |    85 |   197 |   248 |       |       |       ||   530
       Long sword        |     1 |       |       |       |       |       ||     1
       Headbutt          |     7 |    31 |    73 |   142 |   262 |   110 ||   625
       Punch             |     2 |     1 |     5 |     4 |     3 |       ||    15
       Demon blade       |       |       |   132 |   564 |   965 |   355 ||  2016
Throw: Javelin           |     1 |     2 |     4 |     6 |     4 |       ||    17
       Dart              |       |     2 |       |       |       |       ||     2
       Throwing net      |       |       |     1 |       |       |       ||     1
Invok: Recall Undead Har |       |       |     7 |     2 |    28 |    11 ||    48
       Dark Bargain      |       |       |     5 |     6 |    17 |     3 ||    31
       Bind Soul         |       |       |       |     1 |     2 |     1 ||     4
       Drain Life        |       |       |       |       |     3 |     1 ||     4
Evoke: Wand              |       |       |       |     3 |     2 |       ||     5
       Phantom mirror    |       |       |       |     1 |       |       ||     1
  Use: Scroll            |       |     4 |     6 |    14 |    10 |     1 ||    35
       Potion            |       |       |     2 |       |     2 |       ||     4
 Stab: Distracted        |       |       |     1 |     1 |    13 |     8 ||    23
       Petrified         |       |       |       |     5 |    18 |       ||    23
       Petrifying        |       |       |       |       |     9 |       ||     9
       Paralysed         |       |       |       |       |     1 |       ||     1
Armor: Leather armour    |    16 |    40 |       |       |       |       ||    56
       Chain mail        |       |       |    37 |       |       |       ||    37
       Plate armour      |       |       |    98 |   169 |   273 |    54 ||   594
Dodge: Dodged            |    40 |   140 |   106 |   145 |   151 |    33 ||   615
Block: Other             |       |       |       |    26 |    54 |       ||    80
       Tower shield      |       |       |       |       |   879 |   500 ||  1379
       Reflection        |       |       |       |       |    56 |    77 ||   133

Table legend: (Time is in decaauts)
 A = Elapsed time spent in this place.
 B = Non-inter-level travel time spent in this place.
 C = Inter-level travel time spent in this place.
 D = Time resting spent in this place.
 E = Time spent auto-exploring this place.
 F = Levels seen in this place.
 G = Mean time per level.
                   A        B        C        D        E       F      G
               +--------+--------+--------+--------+--------+-----+--------+
         Total |  43496 |  40921 |   2575 |  12580 |  17799 |  28 | 1553.4 |
       Dungeon |  21938 |  20567 |   1371 |   6161 |   9580 |  13 | 1687.5 |
        Temple |    239 |    211 |     28 |      0 |    170 |   1 |  239.0 |
          Lair |   8022 |   7387 |    635 |   2877 |   2601 |   5 | 1604.4 |
        Shoals |   4135 |   3944 |    191 |   1182 |   1825 |   3 | 1378.3 |
     Snake Pit |   5892 |   5668 |    224 |   1524 |   2337 |   4 | 1473.0 |
  Orcish Mines |   3268 |   3143 |    125 |    836 |   1286 |   2 | 1634.0 |
               +--------+--------+--------+--------+--------+-----+--------+

Top non-repeatable levels by time:
    D:12: 3112 daAuts
     D:3: 2725 daAuts
    D:11: 2292 daAuts
  Lair:1: 2029 daAuts
     D:6: 2007 daAuts
  Lair:2: 1976 daAuts
   Orc:2: 1946 daAuts
     D:9: 1860 daAuts
Shoals:1: 1823 daAuts
    D:13: 1813 daAuts
  Lair:5: 1773 daAuts
    D:10: 1762 daAuts
 Snake:4: 1639 daAuts
 Snake:2: 1456 daAuts
 Snake:1: 1428 daAuts
